 Dungeon Crawl Stone Soup version 0.30-a0-1122-g620db56ad9 (webtiles) character file.

Game seed: 11659325136867524749

58097 Kenran the Champion of Chaos (level 14, -10/119 HPs)
             Began as a Demonspawn Fighter on Apr 22, 2023.
             Was the Champion of Makhleb.
             Mangled by a sun demon (19 damage)
             ... summoned by an orc high priest
             ... on level 2 of the Orcish Mines.
             The game lasted 00:44:01 (20484 turns).

Kenran the Champion of Chaos (Demonspawn Fighter)  Turns: 20484, Time: 00:44:02

Health: -10/119    AC: 21    Str: 23    XL:     14   Next: 48%
Magic:  25/25      EV:  7    Int: 11    God:    Makhleb [******]
Gold:   1618       SH:  0    Dex: 13    Spells: 13/13 levels left

rFire   . . .        a - +2 lajatang (elec)
rCold   + . .        (shield currently unavailable)
rNeg    . . .        U - +1 plate armour "Sonnolliuj" {Str+3 Stlth+}
rPois   .            (helmet unavailable)
rElec   .            d - +0 cloak
rCorr   .            q - +0 pair of gloves
SInv    .            D - +2 pair of boots
Will    ++...        Z - amulet of regeneration Stlth
                     E - ring of willpower
HPRegen 1.19/turn    O - ring of protection from cold
MPRegen 0.19/turn

%: no passive effects
@: no status effects
A: horns 3, powered by death 2, spiny 2
a: Renounce Religion, Minor Destruction, Lesser Servant of Makhleb, Major
Destruction, Greater Servant of Makhleb


You were on level 2 of the Orcish Mines.
You worshipped Makhleb.
Makhleb was exalted by your worship.
You visited 4 branches of the dungeon, and saw 20 of its levels.
You also visited: Ossuary.

You collected 1618 gold pieces.

Inventory:

Hand Weapons
 a - a +2 lajatang of electrocution (weapon)
 Y - a +0 demon whip of protection
Missiles
 N - a throwing net (quivered)
Armour
 d - a +0 cloak (worn)
 q - a +0 pair of gloves (worn)
 D - a +2 pair of boots (worn)
 U - the +1 plate armour "Sonnolliuj" (worn) {Str+3 Stlth+}
   (You found it on level 5 of the Lair of Beasts)

   Str:       It affects your strength (+3).
   Stlth:     It makes you more stealthy.
Jewellery
 E - a ring of willpower (left hand)
 L - a ring of fire
 M - a ring of resist corrosion
 O - a ring of protection from cold (right hand)
 T - a ring of see invisible
 Z - an amulet of regeneration (around neck)
Wands
 c - a wand of polymorph (8)
 h - a wand of quicksilver (3)
 A - a wand of roots (14)
 F - a wand of flame (31)
 Q - a wand of charming (8)
 S - a wand of digging (5)
Scrolls
 j - 3 scrolls of amnesia
 k - 4 scrolls of magic mapping
 m - 3 scrolls of fog
 o - 2 scrolls of vulnerability {unknown}
 t - 5 scrolls of poison {!r}
 u - 4 scrolls of immolation {unknown}
 v - 2 scrolls of teleportation
 y - 2 scrolls of silence {unknown}
 z - a scroll of summoning
 C - a scroll of blinking {unknown}
 H - a scroll of torment {!r}
 J - a scroll of enchant armour {unknown}
 K - 3 scrolls of enchant weapon
 R - 3 scrolls of fear
 V - a scroll of acquirement {unknown}
Potions
 b - a potion of degeneration {unknown}
 e - a potion of resistance
 f - 2 potions of lignification {unknown}
 g - 2 potions of curing {@q1}
 i - 2 potions of ambrosia {unknown}
 l - 4 potions of attraction {!q}
 n - 2 potions of flight {unknown}
 p - 4 potions of cancellation
 r - 4 potions of brilliance {unknown}
 s - 2 potions of invisibility {unknown}
 w - 5 potions of might
 B - 4 potions of magic {unknown}
 G - 4 potions of mutation {unknown}
 I - 7 potions of heal wounds {unknown}
 P - 2 potions of berserk rage {unknown}
 X - 3 potions of haste {unknown}
Miscellaneous
 x - a phial of floods


   Skills:
 + Level 13.6 Fighting
 - Level 14.0 Staves
 - Level 9.0 Armour
 - Level 2.6 Shields
 - Level 5.4 Unarmed Combat
 - Level 15.0 Invocations
 - Level 4.0 Evocations


You had 13 spell levels left.
You didn't know any spells.
Your spell library contained the following spells:

 Spells                   Type           Power      Damage    Failure   Level
 Apportation              Tloc           0%         N/A       99%         1
 Magic Dart               Conj           0%         1d3       99%         1
 Necrotise                Necr           0%         1d4       99%         1
 Sting                    Tmut/Pois      0%         1d3       99%         1
 Summon Small Mammal      Summ           0%         N/A       99%         1
 Cigotuvi's Dreadful Rot  Necr/Pois/Air  0%         N/A       100%        2
 Poisonous Vapours        Pois/Air       0%         N/A       100%        2
 Scorch                   Fire           0%         2d5       100%        2
 Searing Ray              Conj           0%         2d4       100%        2
 Call Canine Familiar     Summ           0%         N/A       100%        3
 Dazzling Flash           Conj/Hex       0%         N/A       100%        3
 Gell's Gravitas          Tloc           0%         N/A       100%        3
 Mephitic Cloud           Conj/Pois/Air  0%         N/A       100%        3
 Summon Guardian Golem    Hex/Summ       0%         N/A       100%        3
 Teleport Other           Tloc           0%         N/A       100%        3
 Vampiric Draining        Necr           0%         2d6       100%        3
 Volatile Blastmotes      Fire/Tloc      0%         2d10      100%        3
 Anguish                  Hex/Necr       0%         N/A       100%        4
 Flame Wave               Conj/Fire      0%         2d4       100%        4
 Fulminant Prism          Conj/Hex       0%         3d5       100%        4
 Iskenderun's Mystic Bla  Conj/Tloc      0%         2d3       100%        4
 Summon Ice Beast         Ice/Summ       0%         N/A       100%        4
 Summon Lightning Spire   Summ/Air       0%         N/A       100%        4
 Agony                    Necr           0%         N/A       100%        5
 Alistair's Intoxication  Tmut/Pois      0%         N/A       100%        5
 Borgnjor's Vile Clutch   Necr/Erth      0%         N/A       100%        5
 Fireball                 Conj/Fire      0%         3d3       100%        5
 Freezing Cloud           Conj/Ice/Air   0%         6-21      100%        5
 Iskenderun's Battlesphe  Conj           0%         2d6       100%        5
 Summon Mana Viper        Hex/Summ       0%         N/A       100%        5
 Conjure Ball Lightning   Conj/Air       0%         3x3d6     100%        6
 Dispersal                Tloc           0%         N/A       100%        6
 Eringya's Noxious Bog    Tmut/Pois      0%         N/A       100%        6
 Plasma Beam              Fire/Air       0%         2x1d11    100%        6
 Starburst                Conj/Fire      0%         6d3       100%        6
 Summon Cactus Giant      Summ           0%         N/A       100%        6
 Enfeeble                 Hex            0%         N/A       100%        7
 Monstrous Menagerie      Summ           0%         N/A       100%        7
 Orb of Destruction       Conj           0%         9d5       100%        7
 Storm Form               Tmut/Air       0%         N/A       100%        7
 Maxwell's Capacitive Co  Air            0%         ∞         100%        8


Dungeon Overview and Level Annotations

Branches:
Dungeon (12/15)            Temple (1/1) D:5            Lair (5/5) D:8
  Swamp (0/4) Lair:3        Snake (0/4) Lair:2        Slime (0/5) Lair:5
    Orc (2/2) D:11            Elf (0/3) Orc:2       Ossuary (visited)

Altars:
Ashenzari
Cheibriados
Dithmenos
Fedhas
Gozag
Hepliaklqana
Kikubaaqudgha
Makhleb
Nemelex Xobeh
Okawaru
Qazlal
Ru
Sif Muna
Trog
Uskayaw
Vehumet
Wu Jian
Xom
Yredelemnul
Jiyva

Shops:
D:5 [   D:11 *

Annotations:
D:4 exclusion: downstairs
D:6 3 runed translucent doors, FlurksSlurper's ghost, novice DsGl
D:9 exclusion: downstairs
D:11 exclusion: upstairs
Lair:2 exclusion: downstairs


Innate Abilities, Weirdness & Mutations

You have a pair of large horns on your head.
You regenerate health from kills.
You are mostly covered in sharp spines.


Message History

The sun demon is moderately wounded.
The sun demon hits you!
You are engulfed in flames!
You hit the sun demon.
The sun demon is moderately wounded.
The sun demon is struck by your spines. The sun demon hits you.
You are engulfed in flames!
You slash the sun demon!
The sun demon is severely wounded.
The sun demon hits you.
You are engulfed in flames!
The orc wizard mumbles some strange words.
The orc wizard flickers and vanishes!
Deactivating autopickup; reactivate with Ctrl-A.
You are too injured to fight recklessly!
You closely miss the sun demon.
The sun demon is severely wounded.
The sun demon barely misses you.
You hit the sun demon.
You headbutt the sun demon, but do no damage.
The sun demon is severely wounded.
The orc hits you but does no damage.
The orc priest casts a cantrip, but nothing happens.
The sun demon hits you!
You are engulfed in flames!
* * * LOW HITPOINT WARNING * * *
You barely miss the sun demon.
The sun demon is severely wounded.
The orc hits you but does no damage.
As you read the scroll of fear, it crumbles to dust.
You assume a fearsome visage.
The sun demon resists with almost no effort.
The orc priest resists with some effort.
The orc warrior looks frightened!
The orc looks frightened!
The orc sorcerer resists with some effort.
The sun demon hits you.
* * * LOW HITPOINT WARNING * * *
You are engulfed in flames!
* * * LOW HITPOINT WARNING * * *
The sun demon hits you.
* * * LOW HITPOINT WARNING * * *
You are engulfed in flames!!
You die...

## ###.# ###... ##....
#....#### #....#.### ###
#...#....##
##.#######.@##....##
#...##.#.#3........##
##..##....ooo......#.##
#...###.#o#†..........#
##...3..{.............##
##......o.............#
##................#..##
##..........#..........# ##
##......................####.


You could see an orc high priest, a sun demon (summoned), an orc sorcerer, an
orc warrior (fleeing), an orc priest and an orc (fleeing).

Vanquished Creatures
  Jorgrun (D:12)
  Kirke (Lair:3)
  An ettin (Orc:2)
  3 hydras
  Fannar (Lair:3)
  A catoblepas (Lair:3)
  A merfolk avatar (Lair:5)
  5 death yaks (Lair:5)
  A two-headed ogre (D:11)
  2 boulder beetles
  Amaemon (D:10)
  4 skysharks
  A lindwurm (Lair:2)
  Pikel (D:7)
  An ugly thing (D:11)
  4 cyclopes
  2 manticores (D:12)
  6 black mambas
  4 elephants (Lair:4)
  An orange demon (D:10)
  A gargoyle (D:11)
  12 cane toads
  Maggie (D:7)
  7 kobold demonologists
  An unseen horror (D:11)
  4 komodo dragons
  An efreet (D:12)
  6 trolls
  2 wind drakes (Lair:5)
  3 polar bears
  4 hornets
  6 dream sheep (Lair:4)
  13 blink frogs
  A snapping turtle (Lair:5)
  6 slime creatures (D:12)
  Sigmund (D:2)
  2 shadows
  8 wyverns
  A wraith (D:11)
  49 yaks
  Eustachio (D:6)
  Grum (D:8)
  A steam dragon (D:8)
  6 vampire mosquitoes
  An acid dragon (D:12)
  3 wargs
  3 nagas (Lair:2)
  15 water moccasins
  12 orc warriors
  2 ice beasts
  A black bear (D:7)
  A sky beast (D:7)
  4 centaurs
  6 ogres
  27 wolves
  16 bullfrogs
  6 kobold brigands
  6 necrophages (Lair:4)
  3 gnoll sergeants
  12 scorpions
  4 wights (D:9)
  3 killer bees (D:9)
  2 electric eels (Lair:3)
  7 howler monkeys
  3 centaur zombies (Ossuary)
  3 hounds
  2 human zombies (Ossuary)
  A jelly (D:4)
  22 orc priests
  A gnoll bouda (D:4)
  Jessica (D:2)
  A sleepcap (D:5)
  6 scorpion zombies (Ossuary)
  19 orc wizards
  3 mummies (Ossuary)
  Robin (D:3)
  19 gnolls
  7 adders
  2 ufetubi (D:5)
  5 dart slugs
  74 orcs
  8 bats
  8 endoplasms
  2 giant cockroaches
  5 gnoll zombies
  10 goblins
  8 hobgoblins
  3 quokkas
  5 ball pythons
  A frilled lizard (D:1)
  3 goblin zombies (Ossuary)
  A hobgoblin zombie (Ossuary)
  22 kobolds
  3 kobold zombies
  3 orc zombies (Ossuary)
  6 rats
572 creatures vanquished.

Vanquished Creatures (others)
  2 humans (Lair:3)
  28 fungi
  32 plants
62 creatures vanquished.

Grand Total: 634 creatures vanquished

Notes
Turn   | Place    | Note
-------+----------+-------------------------------------------
     0 | D:1      | Kenran the Demonspawn Fighter began the quest for the Orb.
     0 | D:1      | Reached XP level 1. HP: 18/18 MP: 1/1
   232 | D:1      | Gained mutation: You are partially covered in sharp spines.
                  | [demonic ancestry]
   232 | D:1      | Reached XP level 2. HP: 21/24 MP: 2/2
   283 | D:1      | Found a faded altar of an unknown god.
   835 | D:2      | Noticed Jessica
   851 | D:2      | Killed Jessica
   852 | D:2      | Gained mutation: You are mostly covered in sharp spines.
                  | [demonic ancestry]
   852 | D:2      | Reached XP level 3. HP: 5/29 MP: 3/3
  1150 | D:2      | Noticed Sigmund
  1299 | D:2      | Killed Sigmund
  1300 | D:2      | Reached skill level 5 in Unarmed Combat
  1300 | D:2      | Reached XP level 4. HP: 18/35 MP: 4/4
  1300 | D:2      | Reached XP level 5. HP: 21/41 MP: 5/5
  1773 | D:3      | Found an ancient bone altar of Kikubaaqudgha.
  1777 | D:3      | Found a radiant altar of Vehumet.
  1778 | D:3      | Found a shadowy altar of Dithmenos.
  1783 | D:3      | Found a bloodstained altar of Trog.
  1784 | D:3      | Found a basalt altar of Yredelemnul.
  2068 | D:3      | Noticed Robin
  2080 | D:3      | Reached skill level 1 in Staves
  2129 | D:3      | Killed Robin
  2494 | D:3      | Gained mutation: You have a pair of small horns on your
                  | head. [demonic ancestry]
  2494 | D:3      | Reached XP level 6. HP: 43/47 MP: 6/6
  3148 | D:4      | Noticed a water moccasin
  3154 | D:4      | Killed a water moccasin
  3155 | D:4      | Gained mutation: You have a pair of horns on your head.
                  | [demonic ancestry]
  3155 | D:4      | Reached XP level 7. HP: 47/52 MP: 7/7
  3652 | D:5      | Entered Level 5 of the Dungeon
  3807 | D:5      | Reached skill level 5 in Staves
  3959 | D:5      | Identified the +6 war axe of Ajil {drain, rF+ rN+ Str+5}
  4133 | D:5      | Found Ybrophum's Antique Armour Shoppe.
  4151 | D:5      | Found a staircase to the Ecumenical Temple.
  4170 | Temple   | Entered the Ecumenical Temple
  4316 | Temple   | Became a worshipper of Makhleb the Destroyer
  4467 | D:5      | Reached XP level 8. HP: 50/58 MP: 8/8
  4753 | D:6      | Noticed FlurksSlurper's ghost (novice DsGl)
  5333 | D:6      | Noticed Eustachio
  5337 | D:6      | Killed Eustachio
  5391 | D:6      | Found a runed translucent gate.
  5391 | D:6      | Found a runed translucent gate.
  5392 | D:6      | Found a runed translucent gate.
  5457 | D:6      | Found a hazy altar of Hepliaklqana.
  5458 | D:6      | Found a shimmering altar of Xom.
  5459 | D:6      | Noticed a spectral ugly thing
  5722 | D:7      | Found the +8 orange crystal plate armour {Archmagi, Int+3
                  | Clar}
  5741 | D:7      | Gained mutation: You regenerate a little health from kills.
                  | [demonic ancestry]
  5741 | D:7      | Reached XP level 9. HP: 55/63 MP: 9/9
  5799 | D:7      | Found a stormy altar of Qazlal.
  5996 | D:7      | Noticed Maggie
  6012 | D:7      | Killed Maggie
  6013 | D:7      | Reached skill level 10 in Staves
  6042 | D:7      | Noticed Pikel
  6063 | D:7      | Killed Pikel
  6462 | D:8      | Noticed Grum
  6487 | D:8      | Killed Grum
  6487 | D:8      | Reached * piety under Makhleb
  6548 | D:8      | Found a sparkling altar of Nemelex Xobeh.
  6548 | D:8      | Found an iron altar of Okawaru.
  6573 | D:8      | Found a sand-covered staircase.
  6647 | Ossuary  | Entered an ossuary
  6664 | Ossuary  | Reached skill level 1 in Invocations
  6664 | Ossuary  | Reached XP level 10. HP: 68/70 MP: 10/10
  6717 | Ossuary  | Reached skill level 2 in Invocations
  6753 | Ossuary  | Reached skill level 3 in Invocations
  6828 | Ossuary  | Reached ** piety under Makhleb
  7246 | D:8      | You fall into a shaft and drop 3 floors!
  7261 | D:11     | Noticed a two-headed ogre
  7266 | D:11     | Killed a two-headed ogre
  7267 | D:11     | Reached skill level 5 in Fighting
  7267 | D:11     | Reached skill level 5 in Invocations
  7288 | D:10     | Entered Level 10 of the Dungeon
  7327 | D:11     | Reached skill level 6 in Invocations
  7353 | D:11     | Noticed a cyclops
  7359 | D:11     | Found Eguy's Serpentskin Sales.
  7582 | D:9      | Paralysed by a hornet for 1 turns
  7850 | D:9      | Reached *** piety under Makhleb
  8106 | D:9      | Gained mutation: You have a pair of large horns on your
                  | head. [demonic ancestry]
  8106 | D:9      | Reached XP level 11. HP: 83/83 MP: 15/15
  8681 | D:8      | Found a staircase to the Lair.
  9740 | D:5      | Reached skill level 7 in Invocations
 10230 | D:10     | Noticed a sun demon
 10503 | D:10     | Found a sacrificial altar of Ru.
 10521 | D:10     | Got Muhuca's Lessons on Electrocution and Poison
 10555 | D:10     | Noticed Amaemon
 10689 | Lair:1   | Entered Level 1 of the Lair of Beasts
 10691 | Lair:1   | Reached **** piety under Makhleb
 10703 | D:8      | Reached skill level 8 in Invocations
 11053 | Lair:1   | Noticed a boulder beetle
 11105 | Lair:1   | Killed a boulder beetle
 11326 | Lair:1   | Reached skill level 9 in Invocations
 11342 | Lair:1   | Reached skill level 5 in Armour
 11342 | Lair:1   | Reached XP level 12. HP: 78/92 MP: 18/18
 12176 | Lair:2   | Noticed a seven-headed hydra
 12191 | Lair:2   | Killed a seven-headed hydra
 12477 | Lair:2   | Reached skill level 10 in Invocations
 12637 | Lair:2   | Found a staircase to the Snake Pit.
 13264 | Lair:3   | Noticed Kirke
 13314 | Lair:3   | Reached skill level 1 in Evocations
 13344 | Lair:3   | Killed Kirke
 13370 | Lair:3   | Noticed a catoblepas
 13380 | Lair:3   | Killed a catoblepas
 13380 | Lair:3   | Reached ***** piety under Makhleb
 13443 | Lair:3   | Found a staircase to the Swamp.
 13486 | Lair:3   | Noticed Fannar
 14009 | Lair:3   | Killed Fannar
 14010 | Lair:3   | Reached skill level 10 in Fighting
 14720 | Lair:4   | Reached skill level 11 in Invocations
 14753 | Lair:4   | Gained mutation: You regenerate health from kills. [demonic
                  | ancestry]
 14753 | Lair:4   | Reached XP level 13. HP: 63/103 MP: 21/21
 14885 | Lair:4   | Reached skill level 12 in Invocations
 15129 | Lair:4   | Reached skill level 13 in Invocations
 15496 | Lair:5   | Entered Level 5 of the Lair of Beasts
 15523 | Lair:5   | Reached skill level 14 in Invocations
 16249 | Lair:5   | Reached skill level 15 in Invocations
 17146 | Lair:5   | Identified the +1 plate armour "Sonnolliuj" {Str+3 Stlth+}
 17171 | Lair:5   | Identified the +9 trident "Lathryal" {freeze, +Blink Dex+5}
 17229 | Lair:5   | Found a viscous altar of Jiyva.
 17229 | Lair:5   | Found a staircase to the Slime Pits.
 17959 | D:10     | Killed Amaemon
 17960 | D:10     | Reached XP level 14. HP: 74/115 MP: 25/25
 18291 | D:11     | Reached ****** piety under Makhleb
 18329 | D:11     | Found a staircase to the Orcish Mines.
 19048 | D:12     | Noticed Jorgrun
 19337 | D:12     | Killed Jorgrun
 19803 | Orc:1    | Entered Level 1 of the Orcish Mines
 20189 | Orc:2    | Entered Level 2 of the Orcish Mines
 20294 | Orc:2    | Found a staircase to the Elven Halls.
 20484 | Orc:2    | Mangled by a sun demon

Illustrated notes

Levels and vault maps discovered:
D:1:      lightli_molten_gateway, layout_rooms,
          hellmonk_ecumenical_altar_prayer_group
D:2:      layout_loops_ring, minmay_misc_feat_diagonals, uniq_sigmund,
          uniq_jessica
D:3:      layout_loops_corners, minitemple, nicolae_underground_beach,
          uniq_robin
D:4:      layout_loops_ring, amethyst_killhole, nicolae_titane
D:5:      layout_basic, minmay_temple_entry_offerings, serial_shops, shop,
          serial_aquarium, aquarium_bridge_straight [aquarium_subvault_bridge,
          aquarium_subvault_window, aquarium_subvault_bridge,
          aquarium_subvault_wall], aquarium_window_1, aquarium_window_1,
          aquarium_window_1, aquarium_view_2g, aquarium_view_2c,
          aquarium_balcony_3a, dk_vineyard_2, kennysheep_opposing_triangles
D:6:      layout_basic, regret_index_temple_of_mockery, gammafunk_ghost_split,
          kennysheep_generic_room_5, uniq_eustachio
D:7:      layout_rooms, mainiacjoe_overflow_alcove_2, uniq_maggie, uniq_pikel
D:8:      layout_layer_cave, gammafunk_temple_overflow_wave, erik_lair_dragon,
          enter_ossuary_3, uniq_grum
D:9:      layout_loops_ring
D:10:     layout_irregular_city, nicolae_ru_sacrificial_ziggurat, uniq_amaemon
D:11:     layout_basic, hiddenorc2_lemuel, guppyfry_shop_venom
D:12:     nicolae_cairo_tiling, layout_long_grid, uniq_jorgrun
Temple:   hellmonk_temple_forest_ring
Lair:1:   layout_misc_corridors, grunt_megastairs_4, lemuel_fruit_tree
Lair:2:   layout_roguey, guppyfry_snake_entry_island, minivault_11
Lair:3:   layout_concentric_octagons, minmay_swamp_entry_swarm, uniq_kirke,
          uniq_fannar
Lair:4:   layout_cave_pods, roderic_carrion_pond
Lair:5:   gammafunk_lair_ancient_temple, layout_regular_city, slime_entry_1
Orc:1:    layout_diamond_mine
Orc:2:    grunt_orc_cross, layout_diamond_mine, uniq_erolcha

Skill      XL: |  1  2  3  4  5  6  7  8  9 10 11 12 13 14 |
---------------+-------------------------------------------+-----
Unarmed Combat | 2 3 5 |  5.4
Staves         | 1 4 6 9 12 14 | 14.0
Invocations    | 1 6 9 11 15 | 15.0
Fighting       | 6 7 10 12 13 | 13.6
Armour         | 4 5 7 8 9 |  9.0
Evocations     | 4 |  4.0
Shields        | |  2.6

Action                     |  1- 3 |  4- 6 |  7- 9 | 10-12 | 13-15 || total
---------------------------+-------+-------+-------+-------+-------++-------
  Melee: Unarmed           |   106 |     1 |       |       |       ||   107
         Lajatang          |       |    76 |   181 |   593 |   553 ||  1403
         Headbutt          |       |     7 |    37 |   102 |   123 ||   269
         Whip              |       |       |       |     7 |     7 ||    14
         Punch             |       |       |       |     1 |     2 ||     3
  Throw: Boomerang         |       |       |     3 |       |       ||     3
         Throwing net      |       |       |       |       |     1 ||     1
 Invoke: Minor Destruction |       |       |       |     3 |       ||     3
         Lesser Servant of |       |       |       |       |     3 ||     3
  Evoke: Wand              |       |       |     2 |    10 |     1 ||    13
    Use: Potion            |     1 |     1 |     1 |     2 |     2 ||     7
         Scroll            |       |     2 |     2 |    10 |     6 ||    20
   Stab: Petrified         |       |       |       |     5 |       ||     5
 Armour: Scale mail        |    46 |       |       |       |       ||    46
         Plate armour      |     8 |    36 |   109 |   295 |   315 ||   763
  Dodge: Dodged            |    34 |    20 |    36 |   141 |   150 ||   381
  Block: Buckler           |    22 |     1 |       |       |       ||    23

Table legend: (Time is in decaauts)
 A = Elapsed time spent in this place.
 B = Non-inter-level travel time spent in this place.
 C = Inter-level travel time spent in this place.
 D = Time resting spent in this place.
 E = Time spent auto-exploring this place.
 F = Levels seen in this place.
 G = Mean time per level.
                   A        B        C        D        E       F      G
               +--------+--------+--------+--------+--------+-----+--------+
         Total |  20274 |  19190 |   1084 |   4355 |  10173 |  21 |  965.4 |
       Dungeon |  12730 |  11967 |    763 |   2516 |   6641 |  12 | 1060.8 |
        Temple |    164 |    147 |     17 |      0 |    101 |   1 |  164.0 |
          Lair |   6357 |   6073 |    284 |   1741 |   2995 |   5 | 1271.4 |
  Orcish Mines |    637 |    619 |     18 |     11 |    391 |   2 |  318.5 |
       Ossuary |    385 |    385 |      0 |     86 |     45 |   1 |  385.0 |
               +--------+--------+--------+--------+--------+-----+--------+

Top non-repeatable levels by time:
     D:8: 2007 daAuts
  Lair:5: 1619 daAuts
  Lair:2: 1538 daAuts
  Lair:4: 1336 daAuts
     D:5: 1266 daAuts
  Lair:3: 1161 daAuts
     D:9: 1139 daAuts
    D:10: 1042 daAuts
     D:4: 1035 daAuts
    D:12: 1026 daAuts
     D:6: 984 daAuts
     D:2: 983 daAuts
     D:3: 951 daAuts
     D:7: 774 daAuts
    D:11: 766 daAuts
